[Event "Live Chess"]
[Site "Chess.com"]
[Date "2023.05.20"]
[Round "-"]
[White "McSlash1"]
[Black "seuen"]
[Result "1-0"]
[WhiteElo "2071"]
[BlackElo "1142"]
[TimeControl "300"]
[EndTime "9:37:49 PDT"]
[Termination "McSlash1 won on time"]

1. e4 c5 2. Nc3 Nc6 3. f4 g6 4. Nf3 Bg7 5. Bc4 d6 6. O-O Nf6 7. d3 a6 8. f5 b5 9. Bb3 Na5 10. fxg6 hxg6 11. Nd5 Nxb3 12. Nxf6+ Bxf6 13. axb3 Bg4 14. Qe1 Kd7 15. c3 Qb6 16. Be3 Rh5 17.
Qg3 Bxf3 18. Qxf3 Rah8 19. h3 Qd8 20. Rxa6 Qb8 21. e5 dxe5 22. Qc6+ Kd8 23. Ra8 Qxa8 24.
Qxa8+ Kd7 25. Qd5+ Ke8 26. Bxc5 e4 27. Bb6 Rxd5 28.
dxe4 Rg5 29. Rd1 e6 30. Kf2 Kf8 31. Kf3 b4 32. c4 Kg7 33. Rd2 Rb8 34. c5 Be7 35. Bc7 Rc8 36. Bd6 Bxd6 37. cxd6 Rd8 38. Kf4 Rb5 39. e5 Rb6 40. Rc2 f6 41. Rc7+ Kh6 42.
d7 fxe5+ 43. Kxe5 1-0

[Event "Live Chess"]
[Site "Chess.com"]
[Date "2023.05.20"]
[Round "-"]
[White "siddu198"]
[Black "SimpleHarmonic1"]
[Result "0-1"]
[WhiteElo "1617"]
[BlackElo "2076"]
[TimeControl "300"]
[EndTime "9:37:51 PDT"]
[Termination "SimpleHarmonic1 won by checkmate"]

1. e4 d6 2. d4 Nf6 3. Bd3 e5 4. d5 g6 5. c4 Bg7 6. Nc3 O-O 7. Nf3 a5 8. Be3 Bg4 9. Qd2 b6 10. Be2 Nbd7 11. h3 Bxf3 12. Bxf3 Nc5 13.
a3 Nb3 14. Qd1 Nxa1 15. Qxa1 Nd7 16. Nb5 f5 17. exf5 gxf5 18. g3 f4 19. gxf4 exf4 20.
Bd2 Ne5 21. Bg4 Qe7 22. Kf1 Nxc4 23. Bc3 Bxc3 24. Nxc3 f3 25. Rg1 Nd2# 0-1

[Event "Live Chess"]
[Site "Chess.com"]
[Date "2023.05.20"]
[Round "-"]
[White "AttackingSnowLeopard"]
[Black "JuperLuper"]
[Result "1-0"]
[WhiteElo "2033"]
[BlackElo "1188"]
[TimeControl "300"]
[EndTime "9:37:51 PDT"]
[Termination "AttackingSnowLeopard won by resignation"]

1. d4 e5 2. dxe5 Nc6 3. Nf3 Qe7 4. Bf4 Qb4+ 5. Bd2 Qxb2 6. Nc3 Bb4 7. Rb1 Qxc3 8.
Bxc3 Bxc3+ 9. Nd2 Nxe5 10. e3 Nf6 11. Be2 Kf8 12. O-O 1-0

[Event "Live Chess"]
[Site "Chess.com"]
[Date "2023.05.20"]
[Round "-"]
[White "hello505050"]
[Black "JackCheetham1"]
[Result "0-1"]
[WhiteElo "1075"]
[BlackElo "1707"]
[TimeControl "300"]
[EndTime "9:37:52 PDT"]
[Termination "JackCheetham1 won by checkmate"]

1. e4 c5 2. Nf3 d6 3. Bb5+ Bd7 4. Bxd7+ Nxd7 5. Nc3 Ngf6 6. d3 g6 7. O-O Bg7 8. Bg5 h6 9. Bh4 O-O 10. Nd5 e6 11.
Nxf6+ Nxf6 12. Re1 Qc7 13. c3 Rad8 14. d4 cxd4 15.
Qxd4 a6 16. Bxf6 e5 17. Qd5 Bxf6 18. g3 Qc6 19. Qxc6 bxc6 20. Red1 Rfe8 21. h4 d5 22. exd5 cxd5 23. b3 Rd7 24. c4 d4 25. g4 e4 26.
Ne1 Bxh4 27. f3 Bxe1 28. Rxe1 e3 29. Kf1 d3 30. Kg2 d2 31. Rg1 e2 32. Kf2 d1=Q 33. Rgxd1 exd1=Q 34. Rxd1 Rxd1 35. Kg2 Rd2+ 36. Kg3 Rxa2 37.
c5 Rb2 38. c6 Rxb3 39. c7 a5 40. g5 h5 41. Kf4 Rc8 42. Ke5 Rxc7 43. Kd6 Rc1 44.
f4 a4 45. Kd5 a3 46. f5 gxf5 47. Ke5 a2 48. Kxf5 a1=Q 49. g6 Rf1+ 50. Kg5 Rg3+ 51. Kh6 Qg7+ 52. Kxh5 Rh1# 0-1

[Event "Live Chess"]
[Site "Chess.com"]
[Date "2023.05.20"]
[Round "-"]
[White "chessleanstrategist"]
[Black "smoggyrabbit"]
[Result "0-1"]
[WhiteElo "416"]
[BlackElo "1632"]
[TimeControl "300"]
[EndTime "9:38:02 PDT"]
[Termination "smoggyrabbit won on time"]

1. c4 e6 2. Nc3 f5 3. g3 Nf6 4. Nf3 d5 5. b3 c6 6. d3 Bd6 7. Bg2 O-O 8. O-O Nbd7 9. Bb2 b6 10. a4 Bb7 11. Nd4 Qe8 12. Re1 Ng4 13. f4 Rf6 14. e4 Bc5 15. Nb1 e5 16. fxe5 Qxe5 17. Nd2 Bxd4+ 18. Bxd4 Qxd4+ 0-1

[Event "Live Chess"]
[Site "Chess.com"]
[Date "2023.05.20"]
[Round "-"]
[White "stevefairhurst"]
[Black "Daniel_Gliddon_FA"]
[Result "1-0"]
[WhiteElo "538"]
[BlackElo "858"]
[TimeControl "300"]
[EndTime "9:38:03 PDT"]
[Termination "stevefairhurst won on time"]

1. e4 d6 2. Nf3 Nf6 3. Bc4 g6 4.
Ng5 e6 5. d4 h6 6. d5 hxg5 7.
dxe6 Bxe6 8. Bxe6 fxe6 9. Qf3 Nc6 10. Bxg5 Be7 11. e5 dxe5 12. O-O Qd6 13. Bxf6 e4 14. Qf4 Qxf4 15. Bxh8 Bd6 16. g3 Qh6 17. Bc3 Kd7 18. Nd2 e3 19. fxe3 Qxe3+ 20. Kg2 Ne5 21. Rae1 Qc5 22.
Ne4 Qc6 23. Bxe5 Bxe5 24. Rd1+ Ke7 25. Rde1 Rd8 26. Rf2 Rh8 27. Kf1 Bd4 28. Rfe2 Rf8+ 29. Kg2 Bxb2 30. Kg1 Bd4+ 31. Kg2 Qb6 32. Ng5 Rf2+ 33.
Rxf2 Bxf2 34. Rf1 Qc6+ 35. Kxf2 Qxc2+ 36. Kg1 Qc5+ 37. Kg2 Qxg5 38. h4 Qd2+ 39. Kg1 Qe3+ 40. Kg2 Qe2+ 41. Rf2 Qxf2+ 42. Kxf2 Kd6 43. Ke2 Ke5 44.
Kd3 Kf5 45. Kc4 Kg4 46. Kc5 Kxg3 47. a4 e5 48. Kd5 Kf4 49. a5 e4 50. Kd4 e3 51. Kd3 Kf3 52. h5 Kf2 53. Ke4 e2 54. Kd5 e1=Q 55. Kc5 Qc3+ 56. Kb5 Qc6+ 57. Kb4 a6 58. h6 Qb5+ 59. Kc3 Qc5+ 60. Kb3 Qe3+ 61. Kc4 Ke2 62. Kd5 Kd3 63. h7 1-0

[Event "Live Chess"]
[Site "Chess.com"]
[Date "2023.05.20"]
[Round "-"]
[White "jagbama"]
[Black "TobyQuaite"]
[Result "0-1"]
[WhiteElo "1113"]
[BlackElo "1699"]
[TimeControl "300"]
[EndTime "9:38:13 PDT"]
[Termination "TobyQuaite won by resignation"]

1. e4 e6 2. d4 d5 3. e5 c5 4. c3 Nc6 5. Nf3 Qb6 6. b3 cxd4 7. Nxd4 Nxe5 8. Bb5+ Bd7 9. Bxd7+ Nxd7 10. Be3 Bc5 11. b4 Be7 12. Nxe6 Qxe6 13. O-O Ngf6 14. Re1 Qc6 15. Bc5 Nxc5 16. bxc5 Qxc5 17. Qe2 Rd8 18. Nd2 Rd7 19. Nb3 Qd6 20. Nd4 g6 21. Rad1 O-O 22. c4 Re8 23. cxd5 Bf8 24. Qf3 Rxe1+ 25. Rxe1 Qxd5 26.
Qxf6 Qxd4 27. Qxd4 Rxd4 28. g3 Ra4 29. Re8 Rxa2 30. Kg2 b5 31. Rb8 b4 32. Kf3 a5 33.
Ke3 a4 34. Kd3 Rxf2 35. Kc4 Rxh2 0-1

[Event "Live Chess"]
[Site "Chess.com"]
[Date "2023.05.20"]
[Round "-"]
[White "Conradical12"]
[Black "Ian-Morley"]
[Result "1-0"]
[WhiteElo "1520"]
[BlackElo "1080"]
[TimeControl "300"]
[EndTime "9:38:13 PDT"]
[Termination "Conradical12 won by resignation"]

1. e4 e5 2. Nf3 Nc6 3. Bb5 a6 4. Ba4 b5 5. Bb3 Qe7 6. O-O Nf6 7. d4 exd4 8. Nxd4 Nxd4 9. Qxd4 c5 10. Qd1 c4 11. e5 cxb3 12. exf6 Qxf6 13. Re1+ Be7 14. Qd5 Rb8 15. Qc5 bxc2 16. Nc3 O-O 17. Qxe7 Qxe7 18. Rxe7 Bb7 19. Bf4 Rbc8 20. Rc1 b4 21. Ne4 Bxe4 22. Rxe4 Rfe8 23. Rxb4 Re2 24. h3 Rce8 25. Rc4 h6 26. Be3 d5 27. Rd4 Kh7 28. Kf1 R2xe3 29. fxe3 Rxe3 30. Rxc2 Kg6 31. Rxd5 f5 32.
Rc6+ Kg5 33. h4+ Kg4 34. Rc4+ f4 35. Rdd4 g5 36. hxg5 hxg5 37. a4 Rb3 38. Rd2 Kg3 39. Rc3+ Rxc3 40. bxc3 f3 41. gxf3 Kxf3 42. c4 g4 43. c5 g3 44. Rg2 Ke4 45. c6 Kd5 46. c7 Kd6 47. c8=Q 1-0

[Event "Live Chess"]
[Site "Chess.com"]
[Date "2023.05.20"]
[Round "-"]
[White "KeithArkell"]
[Black "grillage"]
[Result "1-0"]
[WhiteElo "2609"]
[BlackElo "1841"]
[TimeControl "300"]
[EndTime "9:38:15 PDT"]
[Termination "KeithArkell won on time"]

1. d4 Nf6 2. Nf3 e6 3. c4 Bb4+ 4. Bd2 Bxd2+ 5. Qxd2 d6 6. Nc3 Nbd7 7. g3 O-O 8. Bg2 e5 9. O-O Re8 10. e4 Qe7 11. Rfe1 Nf8 12. Nd5 Nxd5 13. cxd5 Ng6 14. Rac1 Bg4 15. dxe5 dxe5 16. Rc3 Rac8 17. Rec1 h6 18. h3 Bxf3 19. Bxf3 Qb4 20. a3 Qb6 21. Bg4 Rcd8 22. Rxc7 Qd4 23. Qxd4 exd4 24. Bf5 Ne5 25. f4 Nd3 26. Rd1 Nxb2 27. Rxd4 b5 28. Rxa7 Nc4 29. a4 Nd6 30. a5 g6 31. Bg4 Nxe4 32. Rb7 Nc3 33. a6 h5 34. Bf3 Re3 35. Kf2 Rde8 36.
a7 Re1 37. Rb8 1-0

[Event "Live Chess"]
[Site "Chess.com"]
[Date "2023.05.20"]
[Round "-"]
[White "lightningorderyt"]
[Black "JamesWallman"]
[Result "0-1"]
[WhiteElo "513"]
[BlackElo "821"]
[TimeControl "300"]
[EndTime "9:38:17 PDT"]
[Termination "JamesWallman won by checkmate"]

1. d4 d5 2. c4 e6 3. Nc3 Nf6 4. Bg5 Be7 5. e3 Nc6 6. Bd3 O-O 7. Nf3 dxc4 8. Bxc4 Bd7 9. O-O a6 10. Qb3 b5 11.
Bd3 Na5 12. Qc2 h6 13. Bxf6 gxf6 14. e4 Nc4 15. e5 f5 16. b3 Na3 17. Qb2 b4 18.
Ne2 Bb5 19. Bxb5 axb5 20. Nf4 Bg5 21. Nxg5 Qxg5 22. g3 Rad8 23. Rad1 Kh7 24. Qd2 Rg8 25. Qxb4 Ra8 26. h4 Qg4 27. Qe7 Qxf4 28. Qxf7+ Rg7 29. Qxe6 Qg4 30. d5 Nc2 31. Rc1 Nd4 32. Qf6 Nf3+ 33. Kh1 Qh3# 0-1

[Event "Live Chess"]
[Site "Chess.com"]
[Date "2023.05.20"]
[Round "-"]
[White "friarnator"]
[Black "Doge_Dandolo"]
[Result "0-1"]
[WhiteElo "1977"]
[BlackElo "2109"]
[TimeControl "300"]
[EndTime "9:38:18 PDT"]
[Termination "Doge_Dandolo won by checkmate"]

1. e4 c6 2. d4 d5 3. Nc3 dxe4 4. Nxe4 Bf5 5. Ng3 Bg6 6. h4 h6 7.
Nf3 Nd7 8. h5 Bh7 9. Bd3 Bxd3 10. Qxd3 e6 11. Bd2 Ngf6 12. O-O-O Be7 13. Kb1 O-O 14. Ne4 c5 15. c4 cxd4 16. Nxd4 Ne5 17.
Nxf6+ Bxf6 18. Qe4 Nxc4 19. Bc3 Qb6 20. Rh3 Rfd8 21.
Rhd3 Rac8 22. Nb3 Rxd3 23. Rxd3 Qxf2 24. a3 Bxc3 25. Rxc3 Qxb2# 0-1

[Event "Live Chess"]
[Site "Chess.com"]
[Date "2023.05.20"]
[Round "-"]
[White "onemoretime1975"]
[Black "apl_trainer"]
[Result "0-1"]
[WhiteElo "1942"]
[BlackElo "1567"]
[TimeControl "300"]
[EndTime "9:38:19 PDT"]
[Termination "apl_trainer won by resignation"]

1. e4 c5 2. Nf3 e6 3. g3 Nc6 4.
Bg2 Nge7 5. d3 g6 6. c3 Bg7 7. O-O e5 8. Nbd2 d6 9. a4 O-O 10. Nc4 h6 11. Be3 Be6 12. Nfd2 f5 13. f4 exf4 14.
Bxf4 d5 15. exd5 Nxd5 16. Bd6 Rf7 17. Bxc5 g5 18. Nd6 Rf6 19. c4 Nde7 20. Rb1 b6 21. Ba3 Rb8 22. Nb5 a6 23. Nd6 Nd4 24. Nf3 Nec6 25. c5 bxc5 26. Bxc5 Nb3 27. Ba3 Bd5 28. Nd2 Bxg2 29. Kxg2 Rxd6 30. Qxb3+ Rxb3 31. Nxb3 Rxd3 32. Nc5 Qd5+ 33. Kg1 Bd4+ 0-1

[Event "Live Chess"]
[Site "Chess.com"]
[Date "2023.05.20"]
[Round "-"]
[White "yeetpizza74"]
[Black "SaraTang"]
[Result "1-0"]
[WhiteElo "450"]
[BlackElo "165"]
[TimeControl "300"]
[EndTime "9:38:20 PDT"]
[Termination "yeetpizza74 won by checkmate"]

1. e4 e5 2. Nf3 Nc6 3. Bc4 Bc5 4. d3 Nf6 5. c3 O-O 6. d4 exd4 7. cxd4 Bxd4 8. Nxd4 Nxd4 9. Qxd4 Nxe4 10. Qxe4 Re8 11. Bg5 Qxg5 12. Qxe8# 1-0

[Event "Live Chess"]
[Site "Chess.com"]
[Date "2023.05.20"]
[Round "-"]
[White "TheSmoulderingMaster"]
[Black "ChunTang"]
[Result "1-0"]
[WhiteElo "1791"]
[BlackElo "105"]
[TimeControl "300"]
[EndTime "9:38:29 PDT"]
[Termination "TheSmoulderingMaster won on time"]

1. e4 e5 2. Nf3 Nf6 3. Nxe5 d6 4.
Nf3 Nc6 5. Bb5 a6 6. Ba4 Nxe4 7. O-O Be6 8. Re1 d5 9. Nd4 Bc5 10. Nxc6 bxc6 11. d4 Be7 12. Bxc6+ Bd7 13. Bxa8 Qxa8 14. Nd2 O-O 15. Nxe4 dxe4 16. Qe2 f5 17. Bf4 c6 18. Be5 Bf6 19. Bxf6 gxf6 20. Rad1 Qe8 21. c4 Qg6 22. d5 cxd5 23. Rxd5 Bc6 24. Rd6 Ba8 25. c5 e3 26.
f3 f4 27. Red1 Re8 28. Rd7 1-0

[Event "Live Chess"]
[Site "Chess.com"]
[Date "2023.05.20"]
[Round "-"]
[White "RoaringKnights"]
[Black "SupremeTactician"]
[Result "0-1"]
[WhiteElo "925"]
[BlackElo "2405"]
[TimeControl "300"]
[EndTime "9:38:33 PDT"]
[Termination "SupremeTactician won by checkmate"]

1. d4 Nf6 2. Bf4 e6 3. e3 c5 4.
c3 b6 5. Bd3 Bb7 6. Nd2 Bxg2 7.
Ngf3 Bxh1 8. Be2 d5 9. Qc2 Bxf3 10. Bxf3 Nbd7 11. O-O-O Be7 12. Rg1 cxd4 13. Rxg7 dxc3 14. bxc3 Rc8 15. Kb1 Bb4 16. Be5 Nxe5 17. Qb3 Bxc3 18. Qb5+ Qd7 19. Qxd7+ Kxd7 20. Nb3 Nxf3 21. Rxf7+ Kd6 22.
Nd4 Bxd4 23. exd4 Nd2+ 24. Kb2 Nfe4 25. Rxa7 Rc7 26. Rxc7 Kxc7 27. Kc2 Rc8 28. Kd3 Kd6 29. f3 Rc3+ 30. Ke2 e5 31. fxe4 Nxe4 32. Kd1 exd4 33.
Ke2 Ke5 34. Kd1 Kf4 35. Ke2 Rc2+ 36. Kd3 Rd2# 0-1

[Event "Live Chess"]
[Site "Chess.com"]
[Date "2023.05.20"]
[Round "-"]
[White "SirEntrails"]
[Black "Nico14021974"]
[Result "1-0"]
[WhiteElo "517"]
[BlackElo "642"]
[TimeControl "300"]
[EndTime "9:38:46 PDT"]
[Termination "SirEntrails won by checkmate"]

1. e4 e5 2. Nf3 d6 3. Bb5+ c6 4. Bc4 Nf6 5. Ng5 h6 6. Nxf7 Qd7 7. Nxh8 Ng8 8. Bxg8 a5 9. Bf7+ Kd8 10. Ng6 Be7 11.
Nxe7 Kxe7 12. Bc4 b5 13. Bb3 c5 14. d3 Nc6 15. h3 h5 16. Qxh5 g5 17. Qh7+ Kd8 18. Qxd7+ Kxd7 19. g3 Ne7 20. Bxg5 Ng6 21. O-O Bb7 22. Nc3 b4 23. Nb5 Kc6 24. Bc4 d5 25.
Bxd5+ Kb6 26. Bxb7 Kxb7 27. Nd6+ Kc7 28. Nb5+ Kb6 29.
Nd6 Rd8 30. Nc4+ Kb5 31. h4 Kc6 32. h5 Ne7 33. h6 Nc8 34. Bxd8 Kd7 35. h7 Kxd8 36.
h8=Q+ Kd7 37. Qxe5 Kd8 38. Nd6 Na7 39. Qe8+ Kc7 40.
Qe7+ Kb8 41. Qb7# 1-0

[Event "Live Chess"]
[Site "Chess.com"]
[Date "2023.05.20"]
[Round "-"]
[White "Tushinskiy"]
[Black "MaximKris"]
[Result "0-1"]
[WhiteElo "2095"]
[BlackElo "1820"]
[TimeControl "300"]
[EndTime "9:38:55 PDT"]
[Termination "MaximKris won by resignation"]

1. d4 d5 2. c3 Nf6 3. Nf3 Bf5 4.
Bf4 e6 5. Bg3 Bd6 6. Nbd2 Bxg3 7. hxg3 Nc6 8. e3 Ne4 9. Nxe4 Bxe4 10. Bb5 a6 11. Bxc6+ bxc6 12. Ne5 Bxg2 13. Rh3 Bxh3 14. Qh5 Qf6 15. Qxh3 O-O-O 16. Nxc6 Rd6 17. Ne5 Rb6 18.
b3 h5 19. f4 g5 20. O-O-O g4 21. Nxg4 hxg4 22. Qxg4 Qf5 23. Qe2 Qe4 24. Kb2 a5 25. a4 Kd7 26. Ka3 Rhb8 0-1

[Event "Live Chess"]
[Site "Chess.com"]
[Date "2023.05.20"]
[Round "-"]
[White "PiotrD11"]
[Black "Bob2pen"]
[Result "0-1"]
[WhiteElo "1333"]
[BlackElo "1825"]
[TimeControl "300"]
[EndTime "9:38:56 PDT"]
[Termination "Bob2pen won by checkmate"]

1. e4 e6 2. d4 d5 3. e5 c5 4. c3 Nc6 5. Nf3 Qb6 6. Na3 Nh6 7. Bxh6 gxh6 8. Rb1 cxd4 9. Nxd4 Nxd4 10. Qxd4 Bc5 11.
Qa4+ Bd7 12. Qc2 Rc8 13. Bd3 d4 14. Nc4 Qc7 15. O-O b5 16. Nd6+ Bxd6 17. exd6 Qxd6 18. Rbd1 dxc3 19. bxc3 Qc7 20. Rc1 Bc6 21. Bxh7 f5 22. Bg6+ Ke7 23. Rfe1 Kf6 24. Bh5 Rhg8 25. g3 Bb7 26.
Qb3 Qc6 27. f3 Rg5 28. c4 Rxh5 29. Qc3+ Kf7 30. Qe5 Rd8 31. cxb5 Qd6 32. Qxd6 Rxd6 33. Rc7+ Kf6 34. Rxb7 Rd2 35. h4 Rxa2 36. Rd1 f4 37.
Rdd7 fxg3 38. Rf7+ Ke5 39. f4+ Ke4 40. Rbe7 Kf3 41.
Rxa7 Rxb5 42. Rxa2 Rb1# 0-1

[Event "Live Chess"]
[Site "Chess.com"]
[Date "2023.05.20"]
[Round "-"]
[White "bristolunichess"]
[Black "martynstanley"]
[Result "1-0"]
[WhiteElo "1847"]
[BlackElo "989"]
[TimeControl "300"]
[EndTime "9:39:00 PDT"]
[Termination "bristolunichess won by checkmate"]

1. e4 e6 2. d4 d5 3. Nd2 c5 4. c3 Nc6 5. Ne2 Qb6 6. Nf3 Nh6 7. exd5 exd5 8. Bxh6 gxh6 9. Qd2 c4 10. Nf4 Bg7 11. Nxd5 Qd8 12. Qe3+ Ne7 13. Bxc4 a6 14.
O-O b5 15. Bb3 Bb7 16. Rfe1 Qd6 17. Nh4 O-O-O 18. Nxe7+ Kb8 19. Nhf5 Qc6 20. Nxc6+ Bxc6 21. Qg3+ Kb7 22. Qxg7 Rhg8 23. Qxf7+ Kb6 24. g3 h5 25.
Qxh7 a5 26. c4 a4 27. c5+ Ka5 28. Bxg8 Kb4 29. a3+ Ka5 30. Qa7# 1-0

[Event "Live Chess"]
[Site "Chess.com"]
[Date "2023.05.20"]
[Round "-"]
[White "Delacorta"]
[Black "lucaskk818"]
[Result "0-1"]
[WhiteElo "1383"]
[BlackElo "1887"]
[TimeControl "300"]
[EndTime "9:39:08 PDT"]
[Termination "lucaskk818 won by resignation"]

1. d4 Nf6 2. Nf3 g6 3. e3 Bg7 4. Be2 O-O 5. c4 d6 6. Nc3 Nbd7 7. h3 a6 8. O-O c5 9. d5 Rb8 10. b3 Ne4 11. Nxe4 Bxa1 12. Qc2 Bg7 13. h4 h6 14. h5 g5 15. Nfxg5 hxg5 16. Nxg5 f5 17. Ne6 Qe8 18.
Nxf8 Qxf8 19. Bb2 Bxb2 20. Qxb2 Qf6 21. Qc2 Ne5 22. f4 Ng4 23. Rf3 Qh4 24. Rh3 Qf2+ 25. Kh1 Qe1+ 0-1

[Event "Live Chess"]
[Site "Chess.com"]
[Date "2023.05.20"]
[Round "-"]
[White "Goblinbasher"]
[Black "Driftboard"]
[Result "1-0"]
[WhiteElo "1201"]
[BlackElo "750"]
[TimeControl "300"]
[EndTime "9:39:14 PDT"]
[Termination "Goblinbasher won by checkmate"]

1. e4 e5 2. Nc3 Nf6 3. f4 exf4 4.
e5 Ng8 5. Nf3 Nc6 6. d4 Bb4 7.
Bxf4 d6 8. exd6 Bxd6 9. Qe2+ Nge7 10. Bg3 Bxg3+ 11. hxg3 Bg4 12. O-O-O Bxf3 13. gxf3 Nxd4 14. Qe3 c5 15. Bb5+ Kf8 16. Bc4 Qa5 17. Rhe1 b6 18. Qxe7+ Kg8 19. Qxf7# 1-0

[Event "Live Chess"]
[Site "Chess.com"]
[Date "2023.05.20"]
[Round "-"]
[White "ossie57"]
[Black "risinghelios"]
[Result "0-1"]
[WhiteElo "1834"]
[BlackElo "1960"]
[TimeControl "300"]
[EndTime "9:39:19 PDT"]
[Termination "risinghelios won by checkmate"]

1. d4 e5 2. dxe5 Nc6 3. Nf3 Qe7 4. Bg5 Qb4+ 5. Nc3 Qxb2 6. Bd2 Nb4 7. Nd4 c5 8. Rb1 Qa3 9. Rb3 Qa5 10. Ndb5 a6 11.
Nd6+ Bxd6 12. exd6 Nf6 13. e4 O-O 14. e5 Re8 15. f4 c4 16. Rxb4 Qxb4 17. Nd5 c3 18. Nxf6+ gxf6 19. Be3 fxe5 20. Be2 exf4 21. Bd4 Qxd6 22.
O-O b5 23. Kh1 Bb7 24. Bd3 Qd5 25. Bxh7+ Kxh7 26. Qd3+ Qe4 27. Qh3+ Kg6 28. Qg4+ Kh6 29. Qg7+ Kh5 30. Qxf7+ Kg5 31. Bf6+ Kf5 32. Bd4+ Kg4 33. h3+ Kg5 34. Qf6+ Kh5 35. Qf7+ Qg6 36. Qxf4 Qxg2# 0-1

[Event "Live Chess"]
[Site "Chess.com"]
[Date "2023.05.20"]
[Round "-"]
[White "Prijmak"]
[Black "LaupMiths"]
[Result "0-1"]
[WhiteElo "985"]
[BlackElo "1825"]
[TimeControl "300"]
[EndTime "9:39:20 PDT"]
[Termination "LaupMiths won by resignation"]

1. e4 d6 2. d4 g6 3. c4 Bg7 4. Nf3 a6 5. Nc3 Nd7 6. Be3 b6 7. Bd3 Bb7 8. O-O e6 9. Qc2 Ne7 10. Rae1 O-O 11. h3 c5 12. d5 e5 13. Qd2 Bc8 14.
Bh6 f6 15. Bxg7 Kxg7 16. Nh2 Rf7 17. Ng4 Ng8 18. f4 h6 19. fxe5 Nxe5 20. Nxe5 fxe5 21. Rxf7+ Kxf7 22. Rf1+ Kg7 23. Qf2 Ra7 24. Ne2 Qe8 25. Ng3 Rf7 26. Qe2 Bd7 27. Rxf7+ Qxf7 28. Qf2 Ne7 29.
Ne2 Qxf2+ 30. Kxf2 g5 31. Ng3 b5 32. b3 bxc4 33.
bxc4 Ng6 34. Nh5+ Kf7 35. Ng3 Nf4 36. Bc2 Kf6 37. Ne2 Be8 38. Bd1 Ng6 39. Ng3 Ne7 40. a4 Kg7 41. a5 Bg6 42. Bc2 Kf6 43. Kf3 Ng8 44. Ne2 h5 45. Ng1 Nh6 46. Ne2 Nf7 47. Bd1 Nd8 48. Ba4 Nb7 49. Nc3 Nxa5 50. Ne2 Nxc4 51. Bb3 Nd2+ 52. Ke3 Nxb3 53. Nc3 Nd4 54. Kd3 g4 55. hxg4 hxg4 56. Na4 Nb5 57. Nb6 Kg5 58.
Na4 Kf4 59. Nc3 Nxc3 60. Kxc3 Bxe4 0-1

[Event "Live Chess"]
[Site "Chess.com"]
[Date "2023.05.20"]
[Round "-"]
[White "GMHarry-youtube"]
[Black "Chesscoach_Golichenko"]
[Result "0-1"]
[WhiteElo "2172"]
[BlackElo "2645"]
[TimeControl "300"]
[EndTime "9:39:22 PDT"]
[Termination "Chesscoach_Golichenko won by resignation"]

1. e4 Nf6 2. e5 Nd5 3. d4 d6 4. Nf3 g6 5. Bd3 Bg7 6. exd6 cxd6 7. c3 O-O 8. O-O Nc6 9. Nbd2 e5 10. Bc4 Nb6 11. Bb3 exd4 12. cxd4 Nxd4 13. Nxd4 Bxd4 14. Nf3 Bg7 15. Bf4 d5 16. a4 Be6 17.
Rc1 Bxb2 18. Rc2 Bg7 19. Bc7 Qd7 20. Nd4 Nc4 21. Nxe6 Qxe6 22. Bxc4 dxc4 23. Re1 Qc6 24. Bg3 Rad8 25. Qc1 c3 26. Be5 Bxe5 27. Rxe5 Qxa4 28. Rc5 Qg4 29. f3 Qd4+ 30. Kf1 Qxc5 31. Rxc3 Qb5+ 0-1

[Event "Live Chess"]
[Site "Chess.com"]
[Date "2023.05.20"]
[Round "-"]
[White "LL220284LL"]
[Black "FlyingChessKestrel13"]
[Result "1-0"]
[WhiteElo "2410"]
[BlackElo "2138"]
[TimeControl "300"]
[EndTime "9:39:23 PDT"]
[Termination "LL220284LL won by resignation"]

1. g3 d5 2. Bg2 c6 3. c4 e6 4.
b3 Nf6 5. Bb2 Be7 6. Nf3 O-O 7.
O-O Nbd7 8. e3 b6 9. d4 Bb7 10. Nc3 c5 11. cxd5 exd5 12. Rc1 Rc8 13. Qe2 Ne4 14.
Rfd1 Ndf6 15. Nd2 Nxc3 16. Bxc3 cxd4 17. Bxd4 Rxc1 18. Rxc1 Bd6 19. Nf3 Qe7 20. Ne1 Be5 21. Bxe5 Qxe5 22. Nf3 Qe7 23. Nd4 Ne4 24. Qc2 g6 25. Qd3 Qa3 26. Rc2 Ba6 27. Qd1 Qe7 28. Nc6 Qe6 29. Nb4 Bc8 30. Qxd5 Qxd5 31. Nxd5 Nc5 32. b4 Ne6 33. Rxc8 1-0

[Event "Live Chess"]
[Site "Chess.com"]
[Date "2023.05.20"]
[Round "-"]
[White "toxic_rabbit"]
[Black "Duke_of_Bebington"]
[Result "0-1"]
[WhiteElo "1988"]
[BlackElo "1566"]
[TimeControl "300"]
[EndTime "9:39:30 PDT"]
[Termination "Duke_of_Bebington won by checkmate"]

1. e4 e5 2. Nf3 Nf6 3. Nxe5 d6 4.
Nf3 Nxe4 5. d3 Nf6 6. Be2 Be7 7. O-O O-O 8. c4 c6 9. Nc3 d5 10. cxd5 Nxd5 11. d4 Bf5 12. Bc4 Be6 13. Qb3 Qd7 14.
Ne5 Qc7 15. Bxd5 Bxd5 16. Nxd5 cxd5 17. Qxd5 Nc6 18. Nxc6 Qxc6 19. Qxc6 bxc6 20. Be3 Rab8 21. b3 Bb4 22. Rac1 Rfc8 23. Bf4 Rb5 24. Rc4 Bf8 25. Rfc1 c5 26. Be3 Ra5 27. a4 Rb8 28. dxc5 Rxb3 29. c6 Rb8 30. c7 Rc8 31. Rd1 Be7 32. Rb1 Rd5 33. Rb8 Rd1# 0-1

[Event "Live Chess"]
[Site "Chess.com"]
[Date "2023.05.20"]
[Round "-"]
[White "Olisingapore"]
[Black "PureMellowPlan"]
[Result "1-0"]
[WhiteElo "1950"]
[BlackElo "604"]
[TimeControl "300"]
[EndTime "9:39:32 PDT"]
[Termination "Olisingapore won by resignation"]

1. d4 d5 2. c4 dxc4 3. Nf3 Nc6 4. e3 Nf6 5. Bxc4 Bg4 6. h3 Bxf3 7. Qxf3 Qd7 8. O-O O-O-O 9. Nc3 e5 10. d5 Ne7 11. e4 Ng6 12. Be3 Bb4 13. Nb5 1-0

[Event "Live Chess"]
[Site "Chess.com"]
[Date "2023.05.20"]
[Round "-"]
[White "Balu13"]
[Black "Leonid_Starozhilov"]
[Result "0-1"]
[WhiteElo "835"]
[BlackElo "2666"]
[TimeControl "300"]
[EndTime "9:39:33 PDT"]
[Termination "Leonid_Starozhilov won by checkmate"]

1. e4 e5 2. Nf3 Nc6 3. Nc3 Nf6 4. d3 Bb4 5. Bd2 O-O 6. a3 Bxc3 7. bxc3 d5 8. d4 Nxe4 9. Nxe5 Nxe5 10. dxe5 Re8 11. f4 Qh4+ 12. g3 Nxg3 13. Bg2 Ne4+ 14. Kf1 Qf2# 0-1

[Event "Live Chess"]
[Site "Chess.com"]
[Date "2023.05.20"]
[Round "-"]
[White "defenderalist"]
[Black "thrithik"]
[Result "1-0"]
[WhiteElo "1591"]
[BlackElo "483"]
[TimeControl "300"]
[EndTime "9:39:42 PDT"]
[Termination "defenderalist won by checkmate"]

1. e4 h6 2. Nf3 g6 3. Bc4 f6 4. Nc3 e6 5. e5 Be7 6. exf6 Bxf6 7. d4 Qe7 8. O-O e5 9. dxe5 Bxe5 10. Nxe5 Qe6 11. Bxe6 dxe6 12. Nxg6 Rh7 13. f4 Rg7 14. Ne5 Rg5 15. fxg5 hxg5 16. Qh5+ Ke7 17. Ne4 Bd7 18. Qf7+ Kd8 19. Nxd7 Nxd7 20. Qxg8+ Ke7 21. Qxa8 Nb6 22. Bxg5+ Kd7 23. Qxb7 Nd5 24. Nf6+ Kd6 25. Nxd5 c6 26. Qe7+ Kxd5 27. Rad1+ Ke5 28. Rfe1+ Kf5 29. Qxe6+ Kxg5 30. Re5+ Kf4 31. Rd4# 1-0

[Event "Live Chess"]
[Site "Chess.com"]
[Date "2023.05.20"]
[Round "-"]
[White "Ra2orLeaf"]
[Black "aliciabutteriss"]
[Result "1-0"]
[WhiteElo "1148"]
[BlackElo "511"]
[TimeControl "300"]
[EndTime "9:39:46 PDT"]
[Termination "Ra2orLeaf won by checkmate"]

1. e4 c6 2. Nf3 d5 3. exd5 cxd5 4. d4 e6 5. Bd3 Nc6 6. Nbd2 Bd6 7. O-O Nf6 8. c3 O-O 9. Re1 Re8 10. Ne5 Bxe5 11. dxe5 Nxe5 12. Rxe5 Qd6 13. Nf3 h6 14. Bf4 Qb6 15.
Qc2 Bd7 16. b3 Rac8 17. Qd2 Ng4 18. Be3 Nxe5 19. Bxb6 Nxf3+ 20. gxf3 axb6 21. Kh1 g6 22. Rg1 g5 23. f4 e5 24. fxg5 e4 25. gxh6+ Kh8 26.
Bxe4 dxe4 27. Qxd7 Rcd8 28. Qxf7 e3 29. Qg7# 1-0

[Event "Live Chess"]
[Site "Chess.com"]
[Date "2023.05.20"]
[Round "-"]
[White "Greenbecker"]
[Black "Zeraora719"]
[Result "1-0"]
[WhiteElo "1708"]
[BlackElo "1239"]
[TimeControl "300"]
[EndTime "9:39:48 PDT"]
[Termination "Greenbecker won by checkmate"]

1. e4 e6 2. d4 d5 3. exd5 exd5 4.
Bd3 Qe7+ 5. Qe2 Qxe2+ 6. Nxe2 g6 7. O-O Bg7 8. Re1 Nf6 9. Nf4+ Be6 10. Nxe6 Nc6 11. Nxc7+ Kd8 12. Nxa8 Ng4 13. c3 f5 14.
Bg5+ Kc8 15. Nd2 Kb8 16. Nb6 axb6 17. h3 Kc7 18. hxg4 fxg4 19. Bb5 Kd7 20. Bxc6+ Kxc6 21. Re6+ Kd7 22. Re7+ Kd8 23. Rxg7+ Kc8 24. Re1 Kb8 25. Ree7 Rf8 26. Rxb7+ Kc8 27. Rgc7# 1-0